 Dungeon Sprint DCSS version 0.25-a0-460-g4f2eb97ec1 (webtiles) character file.

Game seed: 117532680717230349, levelgen mode: deterministic

2672 McKennaii the Spear-Bearer (level 9, -15/78 HPs)
             Began as a Demonspawn Fighter on Feb 3, 2020.
             Was a Follower of Makhleb.
             Demolished by Kirke (18 damage)
             ... in the Dungeon (Sprint II: "The Violet Keep of Menkaure").
             The game lasted 00:09:01 (1491 turns).

McKennaii the Spear-Bearer (Demonspawn Fighter)     Turns: 1491, Time: 00:09:02

Health: -15/78     AC:  0    Str: 23 (25) XL:     9   Next: 37%
Magic:  9/9        EV: 14    Int:  9 (10) God:    Makhleb [*.....]
Gold:   321        SH:  0    Dex: 10      Spells: 8/8 levels left

rFire    + . .     SeeInvis .   (weapon currently unavailable)
rCold    + . .     Gourm    .   (shield currently unavailable)
rNeg     . . .     Faith    .   (armour currently unavailable)
rPois    +         Spirit   .   (helmet unavailable)
rElec    +         Reflect  .   (cloak currently unavailable)
rCorr    +         Harm     .   (gloves currently unavailable)
MR       .....     NoTele   +   (boots currently unavailable)
Stlth    +.........             (no amulet)
HPRegen  0.23/turn              (ring currently unavailable)
MPRegen  0.11/turn              (ring currently unavailable)

@: mighty, pig-form, resistant, flying, very quick
A: small, clumsy 1, deterioration 1, powered by pain 1
a: Renounce Religion


You were in the Dungeon.
You worshipped Makhleb.
Makhleb was aware of your devotion.
You were very hungry.
You were a filthy swine.
You visited 1 branch You collected 1167 gold pieces.
You spent 846 gold pieces at shops.

Inventory:

Hand Weapons
 a - a +0 trident (melded)
Armour
 c - a +0 shield (melded)
 l - a +2 plate armour of magic resistance (melded)
Jewellery
 b - the ring "Niukkeih" (melded) {rF+ Str+3}
   (You bought it in a shop in the Dungeon)

   [ring of strength]

   It affects your strength (+3).
   It protects you from fire.
 o - a ring of protection from cold (melded)
 q - an uncursed ring of see invisible
Scrolls
 g - 3 scrolls of remove curse {unknown}
 j - 7 scrolls of identify {unknown}
 k - 2 scrolls of blinking
 r - a scroll of enchant weapon {unknown}
 s - 2 scrolls of enchant armour {unknown}
 u - a scroll of fog {unknown}
 v - 4 scrolls of amnesia {unknown}
 x - a scroll of magic mapping {unknown}
 y - a scroll of random uselessness {unknown}
Potions
 e - 2 potions of curing
 h - a potion of haste
 i - 5 potions of magic
 m - 2 potions of flight
 n - a potion of agility {unknown}
 p - a potion of brilliance {unknown}
 t - a potion of lignification {unknown}
 w - 2 potions of resistance
Comestibles
 f - 3 rations


   Skills:
 + Level 9.8 Fighting
 * Level 12.6 Polearms
 + Level 9.6 Armour
 + Level 2.4 Dodging
 + Level 9.1 Shields


You had 8 spell levels left.
You didn't know any spells.
Your spell library was empty.

Dungeon Overview and Level Annotations

Branches:
Dungeon (1/1)

Altars:
Cheibriados
Dithmenos
Elyvilon
Fedhas
Gozag
Hepliaklqana
Kikubaaqudgha
Makhleb
Nemelex Xobeh
Okawaru
Qazlal
Ru
Sif Muna
Trog
Uskayaw
Vehumet
Wu Jian
Xom
Yredelemnul
Zin
The Shining One
Beogh
Jiyva
Lugonu

Shops:
D :?:=}[[=!%(!%%=(

Annotations:
D exclusion: oklob plant, Kirke


Innate Abilities, Weirdness & Mutations

((You have a pair of large horns on your head.))
You sometimes gain a little power by taking damage.
((You are mostly covered in sharp spines.))
You are clumsy. (Dex -2)
Your body sometimes deteriorates upon taking damage.


Message History

The skeletal warrior is severely damaged.
The skeletal warrior hits you with a +0 mace!
Kirke hits you!
* * * LOW HITPOINT WARNING * * *
Unknown command.
You bite Kirke!
Kirke is lightly wounded.
Kirke hits you.
* * * LOW HITPOINT WARNING * * *
It was a potion of flight.
You feel very buoyant.
You fly up into the air.
The skeletal warrior barely misses you. Kirke hits you!
* * * LOW HITPOINT WARNING * * *
It was a potion of resistance.
You feel protected.
The skeletal warrior hits you with a +0 mace!
* * * LOW HITPOINT WARNING * * *
Kirke hits you!!
You die...

##○°≈≈°≈≈≈≈## +≈≈≈≈≈≈○○○°≈# s
#≈°≈○○≈°≈≈ Kc.≈##○≈○SSS
############≈≈#+++#○'+##
###########≈≈≈.cz..○...#
##.....∩.∩#≈≈≈≈.##'##z.# #.
##....∩[∩.#≈≈≈≈###.###.#### +.##
##...∩.∩..#≈≈≈≈#h@#..#....# ...
##..∩.∩...#≈≈####z#.####..## #..
##.⌠.∩....#≈##.###c###.##..# +^.
##..∩.∩...#≈#..###.##...#..# #..
##...∩.∩..'≈'.##'§<(')#.'..####..
##....∩.∩.#≈#.#.##.##...#....###.
#▓▓▓▓▓▓▓###≈##.###'###.##......≈≈
##)Y{######≈≈####.#.####≈≈.....≈#
#!Y{#h ##≈≈°#..#..#≈≈≈≈≈≈≈..≈#


You could see Kirke, a yaktaur captain and a skeletal warrior.

Vanquished Creatures
  A merfolk siren (D)
  A kobold demonologist (D)
  A yaktaur (D)
  3 polar bears (D)
  A hornet (D)
  4 neqoxecs (D)
  4 necrophages (D)
  2 crocodiles (D)
  A scorpion (D)
  4 worker ants (D)
22 creatures vanquished.

Vanquished Creatures (others)
  Menkaure (D)
  A crocodile (D)
  12 tentacles (D)
14 creatures vanquished.

Grand Total: 36 creatures vanquished

Notes
Turn   | Place    | Note
-------+----------+-------------------------------------------
     0 | D        | McKennaii the Demonspawn Fighter began the quest for the
                  | Orb.
     0 | D        | Reached XP level 1. HP: 18/18 MP: 1/1
     1 | D        | Noticed a neqoxec
     2 | D        | Noticed a neqoxec
     4 | D        | Noticed a neqoxec
     5 | D        | Killed a neqoxec
     5 | D        | Reached skill level 5 in Fighting
     5 | D        | Reached skill level 4 in Polearms
     5 | D        | Reached skill level 5 in Armour
     5 | D        | Reached skill level 5 in Shields
     5 | D        | Gained mutation: You have a pair of small horns on your
                  | head. [demonic ancestry]
     5 | D        | Reached XP level 2. HP: 28/28 MP: 2/2
     5 | D        | Gained mutation: You sometimes gain a little power by
                  | taking damage. [demonic ancestry]
     5 | D        | Reached XP level 3. HP: 34/34 MP: 3/3
     5 | D        | Gained mutation: You have a pair of horns on your head.
                  | [demonic ancestry]
     5 | D        | Reached XP level 4. HP: 40/40 MP: 4/4
    11 | D        | Killed a neqoxec
    11 | D        | Reached skill level 6 in Polearms
    11 | D        | Gained mutation: You are partially covered in sharp spines.
                  | [demonic ancestry]
    11 | D        | Reached XP level 5. HP: 47/47 MP: 5/5
    12 | D        | Gained mutation: Your body sometimes deteriorates upon
                  | taking damage. [a neqoxec]
    19 | D        | Killed a neqoxec
    19 | D        | Reached skill level 7 in Polearms
    19 | D        | Reached XP level 6. HP: 55/55 MP: 6/6
    62 | D        | Reached skill level 8 in Polearms
    68 | D        | Reached skill level 1 in Dodging
    68 | D        | Gained mutation: You are mostly covered in sharp spines.
                  | [demonic ancestry]
    68 | D        | Reached XP level 7. HP: 47/60 MP: 7/7
    74 | D        | Reached skill level 9 in Polearms
   160 | D        | Noticed a merfolk siren
   164 | D        | Killed Menkaure
   171 | D        | Killed a merfolk siren
   171 | D        | Reached skill level 10 in Polearms
   171 | D        | Gained mutation: You have a pair of large horns on your
                  | head. [demonic ancestry]
   171 | D        | Reached XP level 8. HP: 63/67 MP: 8/8
   219 | D        | Found Qein's Distillery.
   219 | D        | Found Sosuakus's Food Shoppe.
   220 | D        | Found Ylucsan's Food Shoppe.
   220 | D        | Found Guwkaovvalo's Distillery.
   220 | D        | Found Vohakhli's Jewellery Shoppe.
   220 | D        | Found Loopi's Antique Armour Emporium.
   220 | D        | Found Veasmuos's Antique Weapon Shoppe.
   220 | D        | Found Gugaphen's Antique Weapon Emporium.
   221 | D        | Found Jeaff's Jewellery Emporium.
   221 | D        | Found Weevain's Food Shoppe.
   225 | D        | Found Wubaw's Antique Armour Emporium.
   225 | D        | Found Suegeb's Gadget Shoppe.
   225 | D        | Found Kalaonef's Jewellery Emporium.
   226 | D        | Found Suzomiso's Book Shoppe.
   226 | D        | Found Osiproh's Magic Scroll Emporium.
   227 | D        | Noticed an oklob plant
   228 | D        | Found Qeip's Book Shoppe.
   229 | D        | Gained mutation: You are clumsy. (Dex -2) [a neqoxec]
   234 | D        | Reached skill level 11 in Polearms
   242 | D        | Noticed a hell hog
   242 | D        | Noticed a hell hog
   261 | D        | Bought a shiny plate armour for 520 gold pieces
   291 | D        | Noticed an obsidian statue
   298 | D        | Noticed a smoke demon
   306 | D        | Noticed a hellwing
   313 | D        | Noticed a hellwing
   313 | D        | Noticed a smoke demon
   566 | D        | Found an iron altar of Okawaru.
   566 | D        | Found an opulent altar of Gozag.
   648 | D        | Bought the ring "Niukkeih" {rF+ Str+3} for 326 gold pieces
   674 | D        | Found a sparkling altar of Nemelex Xobeh.
   674 | D        | Found a blossoming altar of Fedhas.
   675 | D        | Found a radiant altar of Vehumet.
   675 | D        | Found a burning altar of Makhleb.
   675 | D        | Found a white marble altar of Elyvilon.
   676 | D        | Found a hide-covered altar of Uskayaw.
   676 | D        | Found a corrupted altar of Lugonu.
   676 | D        | Found a shadowy altar of Dithmenos.
   677 | D        | Found a glowing silver altar of Zin.
   677 | D        | Found a bloodstained altar of Trog.
   677 | D        | Found an ancient bone altar of Kikubaaqudgha.
   678 | D        | Found a basalt altar of Yredelemnul.
   678 | D        | Found a shimmering blue altar of Sif Muna.
   678 | D        | Found a viscous altar of Jiyva.
   679 | D        | Found a shimmering altar of Xom.
   679 | D        | Found a sacrificial altar of Ru.
   680 | D        | Found a glowing golden altar of the Shining One.
   680 | D        | Found an ornate altar of the Wu Jian Council.
   680 | D        | Found a stormy altar of Qazlal.
   680 | D        | Noticed a polar bear
   680 | D        | Noticed a polar bear
   680 | D        | Noticed a polar bear
   682 | D        | Noticed a yaktaur
   684 | D        | Noticed a hornet
   699 | D        | Killed a polar bear
   706 | D        | Killed a polar bear
   712 | D        | Killed a hornet
   717 | D        | Killed a polar bear
   717 | D        | Reached skill level 12 in Polearms
   717 | D        | Reached XP level 9. HP: 46/77 MP: 9/9
   720 | D        | Killed a yaktaur
   943 | D        | Found a snail-covered altar of Cheibriados.
   943 | D        | Found a hazy altar of Hepliaklqana.
   944 | D        | Found a roughly hewn altar of Beogh.
   947 | D        | Became a worshipper of Makhleb the Destroyer
   964 | D        | Noticed a kraken
  1074 | D        | Found the +4 moon troll leather armour {Spirit, Regen++
                  | MP+5}
  1449 | D        | Noticed Kirke
  1449 | D        | Noticed a yaktaur captain
  1449 | D        | Noticed a skeletal warrior
  1449 | D        | Noticed a kobold demonologist
  1476 | D        | Killed a kobold demonologist
  1476 | D        | Reached * piety under Makhleb
  1491 | D        | HP: 3/78 [skeletal warrior/+0 mace (8)]
  1491 | D        | Demolished by Kirke

Levels and vault maps discovered:
D:        the_violet_keep_of_menkaure [sprint2_stairs_cluster_1,
          sprint2_shoproom, sprint2_temple, sprint2_basic_supplies,
          sprint2_obstacle_3, sprint2_obstacle_1, sprint2_obstacle_5,
          sprint2_obstacle_7, sprint2_obstacle_4, sprint2_timed_cluster_1,
          sprint2_smallroom_cluster_1, sprint2_smallroom_final_cluster_1,
          sprint2_transparent_cluster_1, sprint2_second_timed_cluster_1,
          sprint2_sniper_area_1, sprint2_heavy_combat_area_1,
          sprint2_mutation_trap_area_1, sprint2_forest_area_1,
          sprint2_light_combat_area_1, sprint2_behind_water_1,
          sprint2_near_end_vault_1]

Skill      XL: |  1  2  3  4  5  6  7  8  9 |
---------------+----------------------------+-----
Fighting       | 5 6 7 8 9 |  9.8
Polearms       | 4 6 7 8 10 12 | 12.6
Armour         | 5 6 7 9 |  9.6
Shields        | 5 6 7 8 9 |  9.1
Dodging        | 1 2 |  2.4

Action                   |  1- 3 |  4- 6 |  7- 9 || total
-------------------------+-------+-------+-------++-------
Melee: Trident           |     3 |    28 |   132 ||   163
       Headbutt          |       |     1 |    22 ||    23
       Unarmed           |       |       |     6 ||     6
  Use: Potion            |     1 |       |     4 ||     5
  Eat: Chunk             |       |       |     1 ||     1
Armor: Scale mail        |       |     2 |     7 ||     9
       Plate armour      |       |       |    54 ||    54
Dodge: Dodged            |       |     3 |    30 ||    33
Block: Shield            |     1 |     5 |    61 ||    67

Table legend:
 A = Non-vault XP
 B = Vault XP
 C = Vault XP percentage of total XP
 D = Non-vault monster count
 E = Vault monster count
 F = Vault count percentage of total count
                 A         B        C        D         E       F
            +---------+---------+-------+---------+---------+-------
      Total |       0 |    3818 | 100.0 |       0 |      22 | 100.0
            +---------+---------+-------+---------+---------+-------
          D |       0 |    3818 | 100.0 |       0 |      22 | 100.0
            +---------+---------+-------+---------+---------+-------
